 Dungeon Crawl Stone Soup version 0.30-a0-52-g86a8295270 (webtiles) character file.

Game seed: 573953915985156176

1434 Newt the Poker (level 8, 0/65 (68) HPs)
             Began as a Black Draconian Monk on Sept 6, 2022.
             Slain by a wight
             ... wielding a +0 falchion
              (3 damage)
             ... on level 7 of the Dungeon.
             The game lasted 00:07:50 (5337 turns).

Newt the Poker (Black Draconian Monk)               Turns: 5337, Time: 00:07:51

HP:   0/65 (68)     AC:  7    Str: 16    XL:     8   Next: 45%
MP:   8/8           EV: 14    Int: 11    God:
Gold: 292           SH:  5    Dex: 13    Spells: 7/7 levels left

rFire   . . .      SeeInvis .    c - +4 bardiche (vamp)
rCold   . . .      Faith    .    (shield currently unavailable)
rNeg    . . .      Spirit   .    (body armour unavailable)
rPois   .          Reflect  +    (helmet restricted)
rElec   +          Harm     .    d - +0 cloak
rCorr   .          Rampage  .    (no gloves)
Will    +....                    (no boots)
Stlth   ++........               l - amulet of reflection
HPRegen 0.20/turn                m - ring of wizardry
MPRegen 0.11/turn                s - ring of willpower

@: about to teleport, hasted, lightly drained, very quick
A: breathe lightning, AC +6, unfitting armour, electricity resistance,
cold-blooded
a: Breathe Lightning


You were on level 7 of the Dungeon.
You visited 1 branch of the dungeon, and saw 7 of its levels.

You collected 322 gold pieces.
You spent 30 gold pieces at shops.

Inventory:

Hand Weapons
 a - a +0 mace
 c - a +4 vampiric bardiche (weapon)
Armour
 d - a +0 cloak (worn)
Jewellery
 i - an amulet of the acrobat
 l - an amulet of reflection (around neck)
 m - a ring of wizardry (left hand)
 n - an amulet of regeneration
 s - a ring of willpower (right hand)
 x - a ring of protection from cold
 A - a ring of fire
Wands
 e - a wand of flame (26)
 z - a wand of charming (4)
 B - a wand of light (11)
Scrolls
 h - 2 scrolls of poison
 j - a scroll of brand weapon
 o - a scroll of blinking
 v - a scroll of amnesia {unknown}
 y - a scroll of vulnerability {unknown}
 C - a scroll of butterflies {unknown}
 D - a scroll of immolation {unknown}
 F - a scroll of identify
Potions
 b - 2 potions of ambrosia
 f - a potion of heal wounds
 g - 3 potions of might
 k - a potion of attraction
 p - a potion of curing
 q - a potion of degeneration
 r - a potion of berserk rage
 t - 2 potions of brilliance
 u - a potion of flight {unknown}
 E - a potion of mutation {unknown}


   Skills:
 - Level 5.0 Fighting
 - Level 3.0 Maces & Flails
 - Level 6.0 Polearms
 - Level 6.0 Dodging
 - Level 2.0 Stealth
 + Level 4.8 Evocations


You had 7 spell levels left.
You didn't know any spells.
Your spell library contained the following spells:

 Spells                   Type           Power      Damage    Failure   Level
 Sandblast                Erth           0%         2d4       14%         1
 Ensorcelled Hibernation  Hex/Ice        0%         N/A       21%         2
 Passwall                 Tmut/Erth      0%         N/A       21%         2
 Call Canine Familiar     Summ           0%         N/A       38%         3
 Portal Projectile        Hex/Tloc       0%         N/A       38%         3
 Stone Arrow              Conj/Erth      0%         3d7       38%         3
 Swiftness                Air            0%         N/A       38%         3
 Leda's Liquefaction      Hex/Erth       0%         N/A       77%         4


Dungeon Overview and Level Annotations

Branches:
Dungeon (7/15)
 Temple: D:4-7

Altars:
Nemelex Xobeh
Xom
The Shining One

Shops:
D:1 (   D:2 (**::

Annotations:
D:6 Maggie
D:7 SirDiesAlot's ghost, novice OgGl


Innate Abilities, Weirdness & Mutations

You can breathe wild blasts of lightning.
Your glossy black scales are hard. (AC +6)
You cannot fit into any form of body armour.
You are resistant to electric shocks. (rElec)
You are cold-blooded and may be slowed by cold attacks.


Message History

You feel sick.
The +0 dagger of chaos hits you but does no damage.
Unknown command.
You feel sick. The +0 dagger of chaos misses you.
The +0 dagger of chaos attacks as you move away!
The +0 dagger of chaos hits you!
You feel drained.
You feel sick.
You block the +0 dagger of chaos's attack.
There is a stone staircase leading up here.
You feel sick.
The +0 dagger of chaos hits you but does no damage.
You climb upwards.
You hear the sound of rushing water.
There is an entrance to a sewer on this level.
Hurry and find it before the portal rusts away!
The walls and floor vibrate strangely for a moment.
Level annotation: Maggie You feel sick.
You are no longer poisoned.
The wight barely misses you. The wight hits you but does no damage.
A wight comes into view. It is wielding a +2 dagger.
There is a stone staircase leading down here.
You block the +0 dagger of chaos's attack.
The wight barely misses you. The wight hits you but does no damage.
You climb downwards.
Level annotation: SirDiesAlot's ghost, novice OgGl
There is a stone staircase leading up here.
Unknown command.
As you read the scroll of teleportation, it crumbles to dust.
You feel strangely unstable. The +0 dagger of chaos hits you.
The wight misses you. The +0 dagger of chaos hits you.
The +0 dagger of chaos draws strength from your wounds!
Unknown command.
You closely miss the wight.
Your tail-slap misses the wight.
You block the +0 dagger of chaos's attack.
You block the wight's attack.
Unknown command.
You closely miss the wight.
Your tail-slap misses the wight.
The +0 dagger of chaos hits you. x2; SirDiesAlot's ghost hits you!!
* * * LOW HITPOINT WARNING * * *
The wight hits you with a +0 falchion.
You die...

#.####.##...#.# ###'### #.##
...(......#...# #.....# #.##
......###...### #.....#####)##
..###.# ##.## #.#.)##...)).. ..#
#.# #.# ####.##.##.###.##
..###.####.# #..............##
...<.......# #z##.......######
......###########W#####.#####..>.
.####..........z@(# #.# #.###
.....############## #.# #.#
####.# #.# #.# .# #.# #.# #.# .#
#.# #.# #.# .# #.######### #.#
#.# .# #.........# #.# #.# .#
#########.# #.#####.### .#
#.##########....>.....


You could see 2 wights, a +0 dagger of chaos and SirDiesAlot's ghost.

Vanquished Creatures
  A water moccasin (D:7)
  2 ice beasts (D:7)
  A black bear (D:4)
  A sky beast (D:7)
  An ogre (D:4)
  2 phantoms
  A scorpion (D:6)
  A bullfrog (D:5)
  A necrophage (D:7)
  A howler monkey (D:5)
  2 jellies (D:5)
  2 orc priests
  A hound (D:7)
  An iguana (D:5)
  2 orc wizards
  Robin (D:4)
  4 gnolls (D:3)
  11 adders
  A white imp (D:7)
  A worm (D:2)
  5 dart slugs
  17 orcs
  9 ball pythons
  3 bats
  8 endoplasms
  2 giant cockroaches
  14 goblins
  10 hobgoblins
  12 kobolds
  9 quokkas
  6 frilled lizards
  3 rats
136 creatures vanquished.

Vanquished Creatures (others)
  A dart slug (D:5)
  86 plants (D:1)
87 creatures vanquished.

Grand Total: 223 creatures vanquished

Notes
Turn   | Place    | Note
-------+----------+-------------------------------------------
     0 | D:1      | Newt the Draconian Monk began the quest for the Orb.
     0 | D:1      | Reached XP level 1. HP: 19/19 MP: 1/1
   177 | D:1      | Reached XP level 2. HP: 27/27 MP: 2/2
   178 | D:1      | Found Fulimupt's Antique Weapon Shop.
   212 | D:1      | Found a faded altar of an unknown god.
   639 | D:1      | Reached XP level 3. HP: 28/34 MP: 3/3
   861 | D:2      | Found Byetio's Book Emporium.
   875 | D:2      | Identified a scroll of acquirement
   875 | D:2      | Acquired a +3 vampiric bardiche
   981 | D:2      | Reached skill level 5 in Fighting
  1275 | D:2      | Found Tyckout's Book Shoppe.
  1303 | D:2      | Found Kawon's Assorted Antiques.
  1308 | D:2      | You fall into a shaft and drop 2 floors!
  1321 | D:4      | Noticed a black bear
  1330 | D:4      | Killed a black bear
  1331 | D:4      | Reached XP level 4. HP: 32/42 MP: 4/4
  1331 | D:4      | Reached XP level 5. HP: 37/48 MP: 5/5
  1897 | D:2      | Found Zoblerepsa's Antique Weapon Emporium.
  1901 | D:2      | Found Utolayps's Assorted Antiques.
  1959 | D:2      | Bought a scroll labelled SAFEADOYJO for 30 gold pieces
  2338 | D:3      | Noticed a phantom
  2350 | D:3      | Killed a phantom
  2351 | D:3      | Reached XP level 6. HP: 56/56 MP: 6/6
  2620 | D:3      | Found a sparkling altar of Nemelex Xobeh.
  2636 | D:3      | Reached skill level 5 in Polearms
  3389 | D:4      | Noticed Robin
  3431 | D:4      | Killed Robin
  3766 | D:5      | Entered Level 5 of the Dungeon
  3776 | D:5      | Your scales start taking on a glossy black colour.
  3776 | D:5      | Reached XP level 7. HP: 60/61 MP: 7/7
  3776 | D:5      | Gained mutation: You are resistant to electric shocks.
                  | (rElec) [Black Draconian growth]
  4244 | D:5      | Found a glowing golden altar of the Shining One.
  4393 | D:6      | Noticed Maggie
  4579 | D:5      | Reached skill level 5 in Dodging
  4633 | D:7      | Found a runed translucent door.
  4633 | D:7      | Found a shimmering altar of Xom.
  4633 | D:7      | Noticed a +0 dagger of chaos
  4633 | D:7      | Noticed SirDiesAlot's ghost (novice OgGl)
  4677 | D:7      | Reached skill level 1 in Evocations
  4677 | D:7      | Reached XP level 8. HP: 65/68 MP: 8/8
  5337 | D:7      | HP: 3/65 [SirDiesAlot's ghost (18)]
  5337 | D:7      | Slain by a wight

Illustrated notes

Levels and vault maps discovered:
D:1:      roderic_crop_circles_arrival_small, layout_basic,
          shapermc_ecumenical_altar_notcrosses, serial_shops, shop
D:2:      kennysheep_six_static_rooms, layout_basic, serial_shops, shop,
          shop_fountains, shop, nicolae_shop_trees,
          nicolae_shop_advertising_works [nicolae_subvault_shop_adworks]
D:3:      layout_loops_cross, nemelex_xobeh_ov_fountains_minmay,
          roderic_serpentine_path, minmay_starry_boxes
D:4:      layout_basic, uniq_robin
D:5:      layout_rooms, tso_oasis_becter, lemuel_flame_loot_1
D:6:      layout_cave_pools, led_sif_book, lemuel_crystal_altar,
          mainiacjoe_overflow_concentric_impassable,
          minmay_temple_entry_junction, portal_sewer_entry_e,
          kennysheep_small_square, uniq_maggie
D:7:      layout_loops_ring, ebering_ghost_xom

Skill      XL: |  1  2  3  4  5  6  7  8 |
---------------+-------------------------+-----
Stealth        | 2 |  2.0
Fighting       | 4 5 |  5.0
Polearms       | 3 4 6 |  6.0
Dodging        | 3 6 |  6.0
Evocations     | 1 4 |  4.8
Maces & Flails | |  3.0

Action                   |  1- 3 |  4- 6 |  7- 9 || total
-------------------------+-------+-------+-------++-------
Melee: Mace              |    50 |       |       ||    50
       Tailslap          |     9 |    15 |    12 ||    36
       Bardiche          |    19 |   181 |   112 ||   312
       Punch             |     1 |       |       ||     1
Evoke: Wand              |       |       |     3 ||     3
  Use: Scroll            |     1 |     7 |     8 ||    16
 Stab: Sleeping          |     7 |    14 |     7 ||    28
       Distracted        |     1 |       |       ||     1
Armor: Skin              |    34 |    64 |    60 ||   158
Dodge: Dodged            |    52 |   140 |   105 ||   297
Block: Other             |       |       |     7 ||     7

Table legend: (Time is in decaauts)
 A = Elapsed time spent in this place.
 B = Non-inter-level travel time spent in this place.
 C = Inter-level travel time spent in this place.
 D = Time resting spent in this place.
 E = Time spent auto-exploring this place.
 F = Levels seen in this place.
 G = Mean time per level.
                   A        B        C        D        E       F      G
               +--------+--------+--------+--------+--------+-----+--------+
         Total |   5552 |   5391 |    161 |    675 |   3589 |   7 |  793.1 |
       Dungeon |   5552 |   5391 |    161 |    675 |   3589 |   7 |  793.1 |
               +--------+--------+--------+--------+--------+-----+--------+

Top non-repeatable levels by time:
     D:2: 1067 daAuts
     D:4: 991 daAuts
     D:3: 988 daAuts
     D:1: 864 daAuts
     D:5: 849 daAuts
     D:7: 728 daAuts
     D:6: 64 daAuts
